 Dungeon Crawl Stone Soup version 0.14-a0-1719-ga7e7698 (webtiles) character file.

26471 Nicoed the Cruncher (level 12, -5/97 HPs)
             Began as a Demonspawn Berserker on Jan 1, 2014.
             Was an Elder of Yredelemnul.
             Slain by a runed elven long sword (10 damage)
             ... on Level 15 of the Dungeon.
             The game lasted 01:51:13 (22284 turns).

Nicoed the Cruncher (Demonspawn Berserker)         Turns: 22284, Time: 01:51:13

HP  -5/97        AC 24     Str 28      XL: 12   Next: 92%
MP   0/12        EV 19     Int  8      God: Yredelemnul [****..]
Gold 710         SH  0     Dex 13      Spells:  0 memorised, 11 levels left

rFire  + . .     SeeInvis +     m - +9 Staff of Wucad Mu
rCold  + . .     Clarity  .     u - +5 ring mail of Dotiret {rPois}
rNeg   . . .     Conserve .     (no shield)
rPois  +         rCorr    +     s - +2 dwarf helmet {SInv}
rElec  +         rRot     .     (no cloak)
SustAb . .       Spirit   .     k - +2 pair of dwarf gloves
rMut   .         Warding  .     (no boots)
Saprov . . .     Stasis   .     N - amulet of resist corrosion
                                M - +5 ring of protection
                                f - cursed ring of protection from magic

@: repel missiles, mighty, quite resistant to hostile enchantments, extremely
unstealthy
A: repulsion field 3, demonic guardian 1, powered by pain 1
a: Animate Dead, Recall Undead Slaves, Injury Mirror, Drain Life, Renounce
Religion


You were on level 15 of the Dungeon.
You worshipped Yredelemnul.
Yredelemnul was greatly pleased with you.
You were near starving.

You visited 3 branches of the dungeon, and saw 17 of its levels.

You collected 710 gold pieces.

Inventory:

Hand weapons
 m - the +9,+9 Staff of Wucad Mu (weapon)
   (You found it on level 7 of the Dungeon)
Armour
 k - a +2 pair of dwarven gloves (worn)
 s - a +2 dwarven helmet of see invisible (worn)
 u - the +5 ring mail of Dotiret (worn) {rPois}
   (You found it on level 12 of the Dungeon)

   It protects you from poison.
Magical devices
 e - a wand of draining (3)
 j - a wand of invisibility (5)
 r - a wand of paralysis (9) {unknown}
 v - a wand of confusion (8) {unknown}
 D - a wand of flame (12)
 I - a wand of flame (8)
 O - a wand of flame (4)
Comestibles
 l - 5 meat rations
Scrolls
 c - a scroll of fear
 d - a scroll of blinking
 g - a scroll of amnesia {unknown}
 h - 2 scrolls of magic mapping
 n - 3 scrolls of remove curse
 y - a scroll of noise
 z - a scroll of acquirement {unknown}
 A - a scroll of vulnerability
 E - a scroll of enchant weapon I
Jewellery
 f - a cursed ring of protection from magic (left hand)
 i - an uncursed ring of fire
 M - a +5 ring of protection (right hand)
 N - an amulet of resist corrosion (around neck)
Potions
 a - 2 potions of lignification
 b - 2 potions of restore abilities {unknown}
 o - a potion of magic
 q - a potion of invisibility
 w - a potion of poison {unknown}
 x - a potion of beneficial mutation {unknown}
 B - a potion of resistance


   Skills:
 + Level 10.3 Fighting
   Level 7.7 Axes
 * Level 10.9 Staves
 + Level 9.2 Armour
 + Level 9.3 Dodging


You had 11 spell levels left.
You didn't know any spells.

Dungeon Overview and Level Annotations

Branches:
Dungeon (15/16)            Temple (1/1) D:6             Orc (1/4) D:10
   Lair (0/8) D:11
 Vaults: D:14-15

Altars:
Ashenzari
Cheibriados
Elyvilon
Fedhas
Kikubaaqudgha
Makhleb
Okawaru
Sif Muna
Trog
Vehumet
Xom
Yredelemnul
Zin
the Shining One
Beogh

Shops:
D:14 *

Portals:
Bazaar: D:13
Trove: D:12 (give 11 potions of heal wounds)

Annotations:
D:3 exclusion: oklob plant
D:14 Rupert


Innate Abilities, Weirdness & Mutations

You are surrounded by a strong repulsion field (EV +4, rMsl).
A weak demonic guardian rushes to your aid.
You sometimes gain a little power by taking damage.


Message History

You thump the two-headed ogre!
The two-headed ogre is severely wounded.
The ogre closely misses you. The two-headed ogre closely misses you.
The two-headed ogre closely misses you. The centaur barely misses you.
Your lemure hits the two-headed ogre but does no damage.
Your lemure hits the two-headed ogre.
Your lemure barely misses the two-headed ogre.
The ogre closely misses you.
You sock the two-headed ogre!
You kill the two-headed ogre!
Yredelemnul accepts your kill.
The runed elven long sword completely misses you.
The centaur closely misses you. The ogre barely misses you.
The centaur completely misses you.
The centaur shoots an arrow.
The arrow hits the ogre mage.
The centaur closely misses you.
You hit the ogre mage.
The ogre mage is almost dead.
The runed elven long sword hits you!
You die...
Your body rises from the dead as a mindless zombie.

#...## ##..## #..#
#....#####..#####...
#............##.#...
#.....(......##...>.
#....(............#.
###....(..........## #
#.(..(...........#
##.#..##OO.(....##.......
#.....c(@c5(##..#........
......#c)O...............
.... #Oc....##.#........
..( .......#####......# .
........# #......#
#........# #.......
#......... ........
#........ ........ ...
...


You could see an ogre mage (invisible), 3 ogres, 4 centaurs, a runed elven long
sword and a friendly lemure.

Vanquished Creatures
  A hydra (D:11)
  2 centaur warriors
  Urug (D:9)
  3 unseen horrors
  3 hill giants
  A lindwurm (shapeshifter) (D:14)
  A griffon (D:13)
  An eye of devastation (D:14)
  5 two-headed ogres
  A polar bear (shapeshifter) (D:15)
  2 trolls
  A slime creature (D:12)
  A basilisk (D:11)
  2 hill giant zombies
  2 wyverns
  6 ugly things (D:13)
  7 vampire mosquitoes (D:12)
  16 yaks
  Grum (D:8)
  4 hungry ghosts
  3 hippogriffs
  2 manticores
  2 wolves (D:8)
  A mottled dragon (D:15)
  A steam dragon (D:8)
  Menkaure (D:6)
  A porcupine (D:11)
  A porcupine (shapeshifter) (D:13)
  A necrophage (D:13)
  A human (D:7)
  5 orc warriors
  3 sky beasts
  An ice beast (D:8)
  2 phantoms
  3 yellow wasps
  8 ogres
  6 centaurs
  Duvessa (D:4)
  A crocodile (D:11)
  A water moccasin (D:11)
  A giant slug (D:11)
  Blork the orc (D:9)
  A brain worm (D:11)
  10 giant frogs
  13 big kobolds
  A cyclops skeleton (D:14)
  2 gnoll sergeants
  14 killer bees
  A yak zombie (D:14)
  5 wights (D:6)
  A quasit (D:9)
  A lava snake (D:10)
  Dowan (D:4)
  A centaur zombie (D:11)
  A goliath beetle (D:6)
  14 crimson imps
  A giant frog zombie (D:5)
  9 orc priests
  10 hounds
  3 iguanas
  2 big fish (D:3)
  2 giant frog skeletons
  A gnoll shaman (D:10)
  16 orc wizards
  3 scorpions
  8 worker ants
  A two-headed ogre skeleton (D:12)
  3 sheep (D:7)
  A crocodile skeleton (D:10)
  3 hound zombies
  A hound skeleton (D:6)
  A green rat (D:11)
  2 giant centipedes
  14 gnolls
  20 adders
  A goliath beetle zombie (D:12)
  3 giant mites
  5 worms
  A giant eyeball (D:7)
  An ooze (D:3)
  71 orcs
  14 bats
  3 giant cockroaches
  15 goblins
  17 hobgoblins
  8 jackals
  32 kobolds
  8 quokkas
  A ball python (D:1)
  7 giant geckos
  8 giant newts
  A giant newt skeleton (D:4)
  3 hobgoblin zombies
  A kobold zombie (D:8)
  16 rats
  8 ballistomycetes
  3 fungi
502 creatures vanquished.

Vanquished Creatures (collateral kills)
  A hydra (D:13)
  A centaur warrior (D:13)
  The ghost of 4tharraofdagon the Firebug, an experienced DEFE of Vehumet (D:11)
  A slime creature (D:12)
  4 yaks
  A two-headed ogre (D:11)
  2 wolves (D:8)
  A centaur (shapeshifter) (D:13)
  A brain worm (D:14)
  A killer bee (D:12)
  2 orc priests
  2 crimson imps
  An orc wizard (D:11)
  2 gnolls (D:12)
  A worm (D:8)
  An orc (D:9)
  A goblin (D:14)
  2 hobgoblins (D:11)
  2 quokkas (D:11)
  A kobold (D:13)
  A rat (D:11)
30 creatures vanquished.

Vanquished Creatures (others)
  2 wraiths
  2 wights
  12 crimson imps
  16 iron imps
  An orc wizard (D:8)
  A mummy (D:11)
  16 lemures
  17 ufetubi
  17 white imps
  3 giant spores
  A fungus (D:3)
88 creatures vanquished.

Grand Total: 620 creatures vanquished

Notes
Turn   | Place    | Note
--------------------------------------------------------------
     0 | D:1      | Nicoed, the Demonspawn Berserker, began the quest for the Orb.
     0 | D:1      | Reached XP level 1. HP: 18/18 MP: 1/1
    89 | D:1      | Gained mutation: You are surrounded by a mild repulsion field (EV +2). [demonic ancestry]
    89 | D:1      | Reached XP level 2. HP: 16/24 MP: 2/2
   393 | D:1      | Acquired Trog's second power
   628 | D:2      | Reached XP level 3. HP: 19/29 MP: 3/3
   762 | D:2      | Reached skill level 4 in Axes
  1602 | D:2      | Gained mutation: You are surrounded by a moderate repulsion field (EV +3). [demonic ancestry]
  1602 | D:2      | Reached XP level 4. HP: 15/35 MP: 4/4
  2438 | D:2      | Reached skill level 5 in Axes
  2438 | D:2      | Gained mutation: You are surrounded by a strong repulsion field (EV +4, rMsl). [demonic ancestry]
  2438 | D:2      | Reached XP level 5. HP: 18/41 MP: 5/5
  3319 | D:3      | Found a blossoming altar of Fedhas.
  3779 | D:3      | Reached skill level 6 in Axes
  3794 | D:3      | Noticed an oklob plant
  3832 | D:3      | HP: 2/41 [oklob plant/splash of acid (13)]
  4150 | D:3      | HP: 1/41 [oklob plant/splash of acid (11)]
  4912 | D:4      | Reached XP level 6. HP: 36/47 MP: 6/6
  4922 | D:4      | Acquired Trog's third power
  5025 | D:4      | Noticed Duvessa
  5026 | D:4      | Noticed Dowan
  5044 | D:4      | Killed Duvessa
  5045 | D:4      | Killed Dowan
  5345 | D:4      | Found a shattered altar of Ashenzari.
  5562 | D:4      | Reached XP level 7. HP: 49/52 MP: 7/7
  6024 | D:5      | Entered Level 5 of the Dungeon
  7101 | D:6      | Noticed Menkaure
  7427 | D:6      | Killed Menkaure
  7427 | D:6      | Reached skill level 7 in Axes
  7427 | D:6      | Gained mutation: You sometimes gain a little power by taking damage. [demonic ancestry]
  7427 | D:6      | Reached XP level 8. HP: 32/61 MP: 8/8
  7822 | D:5      | Paralysed by a potion of paralysis for 6 turns
  7921 | D:6      | Found a staircase to the Ecumenical Temple.
  8109 | D:6      | Reached skill level 5 in Fighting
  8321 | Temple   | Entered the Ecumenical Temple
  8382 | Temple   | Fell from the grace of Trog
  8382 | Temple   | Became a worshipper of Yredelemnul the Dark
  8673 | D:7      | Paralysed by a giant eyeball for 3 turns
  9118 | D:7      | Reached skill level 5 in Dodging
  9263 | D:7      | Gained mutation: A weak demonic guardian rushes to your aid. [demonic ancestry]
  9263 | D:7      | Reached XP level 9. HP: 64/69 MP: 9/9
  9436 | D:7      | Reached skill level 1 in Staves
  9446 | D:7      | Acquired Yredelemnul's first power
  9447 | D:7      | Reached skill level 5 in Armour
 11045 | D:8      | Acquired Yredelemnul's second power
 11045 | D:8      | Reached XP level 10. HP: 62/79 MP: 10/10
 11050 | D:8      | Noticed a stone giant
 11050 | D:8      | Noticed an iron troll
 11109 | D:8      | Noticed Grum
 11129 | D:8      | Reached skill level 5 in Staves
 11156 | D:7      | HP: 3/79 [iguana (10)]
 11489 | D:6      | Noticed a hill giant
 11541 | D:8      | Killed Grum
 12556 | D:9      | Acquired Yredelemnul's third power
 12598 | D:9      | Found a roughly hewn altar of Beogh.
 12644 | D:9      | Noticed Blork the orc
 12656 | D:9      | Killed Blork the orc
 12695 | D:9      | Found a white marble altar of Elyvilon.
 12696 | D:9      | Found a radiant altar of Vehumet.
 12917 | D:10     | Entered Level 10 of the Dungeon
 12917 | D:10     | Noticed Urug
 13766 | D:9      | Killed Urug
 13766 | D:9      | Reached skill level 8 in Fighting
 13919 | D:9      | Reached XP level 11. HP: 73/86 MP: 11/11
 14155 | D:10     | Acquired Yredelemnul's fourth power
 14582 | D:10     | Found a staircase to the Orcish Mines.
 15152 | D:10     | Found a roughly hewn altar of Beogh.
 15185 | Orc:1    | Entered Level 1 of the Orcish Mines
 15205 | D:11     | Noticed a hill giant
 15215 | D:11     | Killed a hill giant
 15222 | D:11     | Received a gift from Yredelemnul
 15847 | D:11     | Found a staircase to the Lair.
 15959 | D:11     | Noticed an eight-headed hydra
 15969 | D:11     | Killed an eight-headed hydra
 16264 | D:11     | Received a gift from Yredelemnul
 16414 | D:11     | Noticed 4tharraofdagon's ghost (experienced DEFE)
 16419 | D:11     | Reached skill level 9 in Fighting
 16435 | D:11     | Killed 4tharraofdagon's ghost
 17076 | D:11     | Got an encrusted scale mail
 17092 | D:11     | Identified the +0 scale mail of Ugymok {Dex-1 Int+1} (You found it on level 11 of the Dungeon)
 17199 | D:11     | Noticed a hill giant
 17213 | D:11     | Killed a hill giant
 17366 | D:11     | Noticed a deep troll
 17366 | D:11     | Noticed a stone giant
 17807 | D:12     | Received a gift from Yredelemnul
 18199 | D:12     | Found a portal to a secret trove of treasure.
 18205 | D:12     | Found a shattered altar of Ashenzari.
 18273 | D:12     | Got a polished ring mail
 18293 | D:12     | Identified the +5 ring mail of Dotiret {rPois} (You found it on level 12 of the Dungeon)
 18343 | D:12     | HP: 4/89 [large slime creature (7)]
 18665 | D:13     | Noticed a hill giant
 18971 | D:12     | Received a gift from Yredelemnul
 19101 | D:12     | Reached XP level 12. HP: 85/95 MP: 12/12
 19588 | D:13     | Noticed an eight-headed hydra
 19602 | D:13     | Killed an eight-headed hydra
 19887 | D:13     | Noticed a hill giant
 19903 | D:13     | Killed a hill giant
 20133 | D:13     | Found a gateway to a bazaar.
 20181 | D:13     | Noticed a centaur warrior
 20199 | D:13     | Killed a centaur warrior
 20462 | D:13     | Reached skill level 10 in Staves
 20592 | D:14     | Noticed Rupert
 20727 | D:14     | Found Tagu's Assorted Antiques.
 20796 | D:14     | Reached skill level 10 in Fighting
 20838 | D:14     | HP: 1/97 [Rupert/great mace of distortion (6)]
 21113 | D:14     | Received a gift from Yredelemnul
 21660 | D:15     | Entered Level 15 of the Dungeon
 21698 | D:15     | Upgraded the game from 0.14-a0-1707-g75daffb to 0.14-a0-1719-ga7e7698
 22276 | D:15     | HP: 4/97 [runed elven long sword (2)]
 22281 | D:15     | HP: 4/97 [two-headed ogre/giant spiked club[an ogre mage] (7)]
 22284 | D:15     | Slain by a runed elven long sword

Action                   |  1- 3 |  4- 6 |  7- 9 | 10-12 || total
-------------------------+-------+-------+-------+-------++-------
Melee: Hand axe          |   158 |   371 |   313 |       ||   842
       Staff             |       |       |   248 |  1581 ||  1829
Invok: Berserk           |     1 |     1 |     1 |       ||     3
       Burn Spellbooks   |       |       |     2 |       ||     2
       Drain Life        |       |       |       |     2 ||     2
Evoke: box of beasts     |       |       |       |     3 ||     3
       Wand              |       |       |       |     1 ||     1
  Use: Potion            |     1 |     1 |    13 |    16 ||    31
       Scroll            |       |     6 |     8 |    14 ||    28
 Stab: Distracted        |       |       |       |     6 ||     6
